Description

standard bio build

Build Order

Get SALT Encoding   

  14  0:14  Supply Depot  
  16  0:40  Barracks  
  16  0:42  Refinery  
  19  1:30  Barracks Reactor  
  19  1:31  Orbital Command  
  19  1:43  Command Center  
  20  02:03  Barracks  
  21  02:10  Supply Depot  keep building depots
  23  2:15  Marine x2  keep building marines when barracks are done
  23  2:25  Barracks  
  27  2:50  Barracks Tech Lab  
  29  2:55  Orbital Command  
  33  3:10  Stimpack  
  33  3:15  Barracks Reactor  
  35  3:25  Factory  
  36  3:27  Refinery  
  39  3:45  Supply Depot  
  50  04:15  Starport  soon as 100% swap with factory reactor, start build medics
  50  04:17  Factory Reactor  
  60  04:50  Engineering Bay  
  70  05:15  Refinery  
  71  5:20  Combat Shield  
Spawning Tool Build Advisor. Get it on Overwolf

Go to:

Details

  • Created by: Rocketman85
  • Published on: Aug 16, 2019
  • Modified on: Aug 16, 2019
  • Patch: 4.7.1
Show
View Real Time Build Order
Export as new Build Order

Comments (1)

On Oct. 20, 2019, 4:59 a.m., baulthazar  said:

So i looked at my own game and to have 14 supply and throw down the first supply depot and it seems the timing is off. takes a total of 0:19 seconds to throw down the first supply, If i don't make that first SCV it would be 13 suppy and about 14 seconds.

Create an account to comment!